 Dungeon Crawl Stone Soup version 0.31-a0-198-g2ad674f65e (webtiles) character file.

Game seed: 5581359412334760596

595 Dylgear the Chopper (level 7, -1/54 HPs)
             Began as a Formicid Fighter on June 25, 2023.
             Slain by a yak (13 damage)
             ... on level 3 of the Dungeon.
             The game lasted 00:08:05 (2650 turns).

Dylgear the Chopper (Formicid Fighter)              Turns: 2650, Time: 00:08:06

Health: -1/54      AC:  7    Str: 21    XL:     7   Next: 67%
Magic:  7/7        EV:  9    Int:  7    God:
Gold:   205        SH:  5    Dex: 15    Spells: 6/6 levels left

rFire   . . .        a - +0 war axe
rCold   . . .        c - +0 buckler
rNeg    . . .        b - +0 scale mail
rPois   .            (helmet unavailable)
rElec   .            (no cloak)
rCorr   .            (no gloves)
SInv    +            (no boots)
Will    .....        (no amulet) Stlth
                     f - +4 ring of slaying
HPRegen 0.29/turn    (no ring)
MPRegen 0.10/turn

%: no passive effects
@: no status effects
A: permanent stasis, dig shafts and tunnels, antennae 3, four strong arms
a: Dig, Shaft Self


You were on level 3 of the Dungeon.
You visited 1 branch of the dungeon, and saw 4 of its levels.

You collected 205 gold pieces.

Inventory:

Hand Weapons
 a - a +0 war axe (weapon)
 m - a +0 hand axe
Missiles
 g - a boomerang of dispersal
 k - 2 throwing nets
Armour
 b - a +0 scale mail (worn)
 c - a +0 buckler (worn)
 l - a +0 chain mail
Jewellery
 f - a +4 ring of slaying (left hand)
Wands
 i - a wand of digging (5)
 j - a wand of mindburst (11)
Scrolls
 e - a scroll of vulnerability
Potions
 h - a potion of curing


   Skills:
 + Level 4.3 Fighting
 * Level 5.7 Axes
 * Level 5.1 Armour
 + Level 0.8 Dodging
 * Level 5.5 Shields


You had 6 spell levels left.
You didn't know any spells.
Your spell library contained the following spells:

 Spells                   Type           Power      Damage    Failure   Level
 Necrotise                Necr           0%         1d4       82%         1
 Vampiric Draining        Necr           0%         2d6       99%         3
 Agony                    Necr           0%         N/A       100%        5
 Storm Form               Tmut/Air       0%         N/A       100%        7
 Maxwell's Capacitive Co  Air            0%         ∞         100%        8


Dungeon Overview and Level Annotations

Branches:
Dungeon (4/15)
 Temple: D:4-7

Altars:

Shops:
D:2 (


Innate Abilities, Weirdness & Mutations

You cannot be hasted, slowed, berserked, paralysed or teleported.
You can dig through walls and to a lower floor.
You have a pair of large antennae on your head. (SInv)
Your four strong arms can wield two-handed weapons with a shield.


Message History

Things that are here:
a +0 dagger; a +0 robe; an orc corpse You slice the orc priest!!
You kill the orc priest!
The orc wizard gestures wildly while chanting.
The orc wizard flickers and vanishes for a moment.
You hear a bellow! x2
Things that are here:
a +0 flail; an orc corpse
There is a stone staircase leading up here.
You barely miss the orc wizard. The orc wizard misses you. The orc misses you.
The orc wizard hits you but does no damage.
You slash the orc wizard!
The orc wizard is severely wounded.
You slash the orc!
You kill the orc!
The orc wizard hits you with a +0 dagger.
You slash the orc wizard!
You kill the orc wizard!
Things that are here:
a +0 dagger; a +0 robe
Things that are here:
a +0 flail; an orc corpse The yak bellows!
There is a stone staircase leading up here.
A yak is nearby!
The yak gores you!
You climb upwards.
There is a stone staircase leading down here.
You hit the yak.
The yak is lightly wounded.
The yak gores you!
You hit the yak.
The yak is lightly wounded.
The yak gores you! x2
* * * LOW HITPOINT WARNING * * *
You slash the yak!
The yak is heavily wounded.
The yak gores you!
You die...

##### ##...##
#####.....#
#.........#####
##########.###..........
#.....Y@...........#####
# #.########.####..#.#
##########.#
#(........#####
.........#.#
#.####.........
########.#.########.#
##########
##..........#.#
#....####.....## #######
#.####
#.#....######...<))
#######.#
#.#...........####)


You could see a yak.

Vanquished Creatures
  Eustachio (D:4)
  A yak (D:3)
  A phantom (D:4)
  An orc priest (D:4)
  Jessica (D:3)
  2 orc wizards (D:4)
  Robin (D:3)
  4 adders
  3 worms
  2 dart slugs
  8 orcs
  4 endoplasms (D:1)
  4 giant cockroaches
  14 goblins
  10 hobgoblins
  5 kobolds
  2 quokkas (D:3)
  8 ball pythons
  3 bats
  2 frilled lizards
  7 rats
84 creatures vanquished.

Notes
Turn   | Place    | Note
-------+----------+-------------------------------------------
     0 | D:1      | Dylgear the Formicid Fighter began the quest for the Orb.
     0 | D:1      | Reached XP level 1. HP: 18/18 MP: 1/1
    45 | D:1      | Reached XP level 2. HP: 23/24 MP: 2/2
   212 | D:1      | Reached XP level 3. HP: 29/29 MP: 3/3
   757 | D:2      | Found Muvvyure's Antique Weapon Emporium.
   799 | D:2      | Reached XP level 4. HP: 36/36 MP: 4/4
  1396 | D:3      | Noticed Jessica
  1399 | D:3      | Killed Jessica
  1400 | D:3      | Reached XP level 5. HP: 39/42 MP: 5/5
  1447 | D:3      | Noticed Robin
  1803 | D:3      | Identified the +0 ring mail of Polish {Contam *Corrode +Inv
                  | rN+++}
  1897 | D:3      | Killed Robin
  2458 | D:4      | Noticed a phantom
  2458 | D:4      | Noticed a yak
  2458 | D:4      | Noticed a yak
  2459 | D:4      | Noticed a yak
  2459 | D:4      | Noticed a yak
  2467 | D:3      | Killed a yak
  2468 | D:3      | Reached XP level 6. HP: 36/48 MP: 6/6
  2559 | D:4      | Noticed Eustachio
  2578 | D:4      | Killed Eustachio
  2579 | D:4      | Reached skill level 5 in Axes
  2579 | D:4      | Reached skill level 5 in Shields
  2579 | D:4      | Reached XP level 7. HP: 38/54 MP: 7/7
  2584 | D:4      | Reached skill level 5 in Armour
  2650 | D:3      | Slain by a yak

Illustrated notes

Levels and vault maps discovered:
D:1:      spicycebolla_green_bress_n_ham_2, layout_rooms, reono_crystal_passage,
          minmay_pentomino_z2
D:2:      layout_loops_cross, serial_shops, shop
D:3:      layout_loops_ring, minivault_5, chequers_big_river, uniq_robin,
          uniq_jessica
D:4:      layout_cave_pools, minmay_strange_pillars, grunt_ministairs_3,
          hangedman_decor_push, uniq_eustachio

Skill      XL: |  1  2  3  4  5  6  7 |
---------------+----------------------+-----
Axes           | 3 4 5 |  5.7
Armour         | 4 5 |  5.1
Fighting       | 4 |  4.3
Shields        | 5 |  5.5
Dodging        | |  0.8

Action                     |  1- 3 |  4- 6 |  7- 9 || total
---------------------------+-------+-------+-------++-------
  Melee: War axe           |    73 |    96 |    16 ||   185
    Use: Scroll            |       |     4 |       ||     4
         Potion            |       |     1 |       ||     1
 Armour: Scale mail        |    37 |    40 |     5 ||    82
  Dodge: Dodged            |    32 |    41 |     4 ||    77
  Block: Buckler           |    13 |    38 |     3 ||    54

Table legend: (Time is in decaauts)
 A = Elapsed time spent in this place.
 B = Non-inter-level travel time spent in this place.
 C = Inter-level travel time spent in this place.
 D = Time resting spent in this place.
 E = Time spent auto-exploring this place.
 F = Levels seen in this place.
 G = Mean time per level.
                   A        B        C        D        E       F      G
               +--------+--------+--------+--------+--------+-----+--------+
         Total |   2729 |   2530 |    199 |    194 |   1562 |   4 |  682.2 |
       Dungeon |   2729 |   2530 |    199 |    194 |   1562 |   4 |  682.2 |
               +--------+--------+--------+--------+--------+-----+--------+

Top non-repeatable levels by time:
     D:3: 1270 daAuts
     D:2: 798 daAuts
     D:1: 552 daAuts
     D:4: 107 daAuts
